Construct Section Command Post
Selects Heavy Armor Battlegroup
Construct Field Infirmary
Construct Platoon Command Post
Unlock Bishop Self-propelled Artillery
6-pounder Anti-tank Gun Team
Bishop Self-propelled Artillery
Selects Rigorous Vehicle Training
Selects Light Vehicle Withdraw and Refit
Selects Forward Repair Assembly
Bishop Self-propelled Artillery
6-pounder Anti-tank Gun Team
Construct Company Command Post